 Dungeon Crawl Stone Soup version 0.19-a0-1127-gac58878 (webtiles) character file.

109279 JustSomeDude the Blocker (level 16, 0/187 HPs)
             Began as a Demonspawn Fighter on Aug 10, 2016.
             Was a High Priest of Okawaru.
             Succumbed to a redback's poison
             ... on level 1 of the Spider Nest on Aug 12, 2016.
             The game lasted 04:02:25 (27160 turns).

JustSomeDude the Blocker (Demonspawn Fighter)      Turns: 27160, Time: 04:02:26

Health: 0/187      AC: 20    Str: 28    XL:     16   Next: 4%
Magic:  1/23       EV:  2    Int: 13    God:    Okawaru [*****.]
Gold:   1732       SH: 17    Dex:  9    Spells: 1 memorised, 22 levels left

rFire  + . .     SeeInvis .     S - +4 hand axe "Giylan" {pain, rF+ MR++ Int+3 Dex-2}
rCold  . . .     Gourm    .     (armour currently unavailable)
rNeg   + + +     Faith    .     y - +2 shield {reflect}
rPois  +         Spirit   +     (helmet currently unavailable)
rElec  .         Dismiss  .     (cloak currently unavailable)
rCorr  .         Reflect  +     (gloves currently unavailable)
SustAt .         Harm     .     (boots unavailable)
MR     +++..     NoTele   +     U - amulet of guardian spirit
Stlth  ++++++....               T - ring of positive energy
                                v - ring of poison resistance

@: mighty, lethally poisoned (0 -> -12), tree-form, heroism, corroded
A: (hooves 0), (horns 0), (thin metallic scales 0), clumsy 1, demonic guardian
2, sense surroundings 1, powered by pain 3, regeneration 1, wild magic 1
a: Heroism, Finesse, Renounce Religion


You were on level 1 of the Spider Nest.
You worshipped Okawaru.
Okawaru was extremely pleased with you.
You were not hungry.
You were a tree.
You visited 7 branches of the dungeon, and saw 30 of its levels.
You also visited: Labyrinth.

You collected 2337 gold pieces.
You spent 605 gold pieces at shops.

Inventory:

Hand Weapons
 i - a +4 broad axe of electrocution
 B - a +2 spear of piercing
 S - the +4 hand axe "Giylan" (weapon) {pain, rF+ MR++ Int+3 Dex-2}
   (Okawaru gifted it to you on level 6 of the Lair of Beasts)

   In the hands of one skilled in necromantic magic, it inflicts extra damage on
   living creatures.
   It affects your intelligence (+3).
   It affects your dexterity (-2).
   It protects you from fire.
   It affects your resistance to hostile enchantments.
Missiles
 w - 6 needles of paralysis
Armour
 c - the +5 scale mail "Deghior" (melded) {rCorr Str+7 Int-2}
   (Okawaru gifted it to you on level 15 of the Dungeon)

   It affects your strength (+7).
   It affects your intelligence (-2).
   It protects you from acid and corrosion.
 d - a +1 cloak of magic resistance (melded)
 p - a +2 plate armour of poison resistance
 x - the +1 pair of gloves "Zainyups" (melded) {rC+}
   (Okawaru gifted it to you on level 13 of the Dungeon)

   It protects you from cold.
 y - a +2 shield of reflection (worn)
 H - the +1 scale mail of Qotur {rN+}
   (You bought it in a shop on level 14 of the Dungeon)

   It protects you from negative energy.
 J - a +4 chain mail of magic resistance
Jewellery
 h - an uncursed ring of fire
 m - a +2 ring of strength
 v - a ring of poison resistance (left branch)
 F - an uncursed ring of protection from cold
 T - a ring of positive energy (right branch)
 U - an amulet of guardian spirit (around neck)
Wands
 a - a wand of lightning (0/15)
 g - a wand of disintegration (0/24)
 q - a wand of lightning (0/15)
 E - a wand of confusion (37/48)
 Q - a wand of flame (4/48)
 W - a wand of enslavement (0/24)
 X - a wand of iceblast (1/15)
 Y - a wand of polymorph (5/24)
Scrolls
 e - 8 scrolls of identify
 k - 11 scrolls of teleportation
 l - 6 scrolls of amnesia
 n - 3 scrolls of fog
 o - a scroll of fear
 s - 8 scrolls of remove curse
 u - 2 scrolls of silence
 C - 6 scrolls of enchant armour
 G - a scroll of recharging
Potions
 r - 3 potions of cure mutation
 t - a potion of agility
 z - a potion of flight
 A - 7 potions of brilliance
 L - a potion of haste
 R - 2 potions of berserk rage
 V - a potion of ambrosia
Books
 Z - a book of Beasts

   Spells                             Type                      Level
   a - Summon Butterflies             Summoning                    1
   b - Call Canine Familiar           Summoning                    3
   c - Summon Ice Beast               Ice/Summoning                4
   d - Summon Mana Viper              Hexes/Summoning              5
   e - Summon Hydra                   Summoning                    7
Miscellaneous
 N - a phial of floods
Comestibles
 f - 9 bread rations
 j - 13 meat rations
 D - a chunk of flesh
 O - 25 fruits


   Skills:
 + Level 11.0(16.0) Fighting
 + Level 11.7(16.8) Axes
 + Level 1.5(12.7) Polearms
 + Level 1.6(6.6) Throwing
 + Level 8.5(13.5) Armour
 + Level 12.7(17.7) Dodging
 + Level 4.6(9.6) Stealth
 + Level 13.0(18.0) Shields
 * Level 4.1 Spellcasting
 * Level 4.2 Summonings
 + Level 9.3 Invocations
 + Level 2.8 Evocations


You had 22 spell levels left.
You knew the following spells:

 Your Spells              Type           Power        Failure   Level  Hunger
a - Summon Butterflies    Summ           ###.....     8%          1    None


Dungeon Overview and Level Annotations

Branches:
Dungeon (15/15)            Temple (1/1) D:4            Lair (6/6) D:9
 Shoals (1/4) Lair:2       Spider (4/4) Lair:4        Slime (1/5) Lair:6
    Orc (2/2) D:11            Elf (0/3) Orc:2        Vaults (0/5) D:14
 Depths (0/5) D:15

Altars:
Ashenzari
Cheibriados
Dithmenos
Elyvilon
Fedhas
Gozag
Hepliaklqana
Kikubaaqudgha
Makhleb
Nemelex Xobeh
Okawaru
Pakellas
Qazlal
Ru
Sif Muna
Trog
Uskayaw
Vehumet
Xom
Yredelemnul
Zin
The Shining One
Beogh

Shops:
D:6 =   D:7 !   D:13 *   D:14 [   Orc:2 [*[=(

Annotations:
D:3 1 runed door
D:10 4 runed doors, exclusion: ice statue
D:12 exclusion: orange crystal statue


Innate Abilities, Weirdness & Mutations

((You have hooves in place of feet.))
((You are mostly covered in thin metallic scales. (AC +3)))
A demonic guardian rushes to your aid.
You are powered by pain.
((You have a pair of small horns on your head.))
You are clumsy. (Dex -2)
You passively map a small area around you.
Your natural rate of healing is unusually fast.
Your spells are a little harder to cast, but a little more powerful.


Message History

* * * LOW HITPOINT WARNING * * *
You feel very sick. The redback bites you.
* * * LOW HITPOINT WARNING * * *
You block the redback's attack.
The redback bites you but does no damage.
Remove which piece of jewellery? (? for menu, Esc to quit)
Okay, then.
You gain the combat prowess of a mighty hero.
* * * LOW HITPOINT WARNING * * *
You feel sick.
The redback bites you but does no damage.
You block the redback's attack.
The redback bites you but does no damage.
Unknown command.
You don't have enough magic at the moment.
You slash the redback!
The redback is heavily wounded.
You slash the redback!
You die...

, * * , * $. , ####.. #.
..#.# * * *#..## ...# , ,
.#..#.##..# , * , ,
......#..### # *, ..... , ,
#....#..#.#.##.#.# ,....# ,,
#..(....s♣s##....# , .....
#.......####.....* ..... ,
,####.....# .....#####.....
,,,#.#......# ....#..^#.....
**#..<....####...#...#†....
* ##...^####.##..##...#....
** ###.......#....###..#...
#..........^#......#..#...
**#.......#..........#......


You could see 2 redbacks.

Vanquished Creatures
  An orc warlord (Orc:2)
  A war gargoyle (D:13)
  A spark wasp (Spider:3)
  Snorg (Lair:4)
  An ettin (Orc:2)
  A minotaur (Lab)
  The ghost of Ijustatesigmund the Fighter, a journeyman DsBe of Trog (Orc:1)
  A great orb of eyes (Slime:1)
  3 hydras
  2 centaur warriors (D:15)
  3 tengu warriors
  2 orc high priests
  Urug (Orc:2)
  The ghost of WhatIsLove the Transmogrifier, a novice DrTm of Cheibriados (D:12)
  An unseen horror (D:12)
  A wizard (D:13)
  10 orb spiders
  Pikel (D:4)
  An ugly thing (D:13)
  An oklob plant (Orc:1)
  3 orc sorcerers (Orc:2)
  A mana viper (shapeshifter) (D:15)
  3 orc knights
  A hornet (Spider:3)
  18 wolf spiders
  2 cyclopes
  Maurice (D:9)
  2 sirens (Lair:2)
  An elephant (Lair:6)
  6 gargoyles (D:13)
  A black mamba (Lair:2)
  17 spiny frogs
  2 yaktaurs (D:14)
  2 rime drakes
  An efreet (D:14)
  10 demonic crawlers
  5 komodo dragons
  A kobold demonologist (D:9)
  2 tengu conjurers
  5 meliai
  A queen bee (Lair:6)
  2 polar bears (Lair:6)
  17 jumping spiders
  Grinder (D:6)
  6 slime creatures
  A wind drake (shapeshifter) (D:15)
  4 trolls
  2 two-headed ogres
  5 giant leeches (Lair:6)
  A boulder beetle (Spider:1)
  9 blink frogs
  35 redbacks
  10 spriggans (Lair:3)
  22 tarantellas
  2 shadows
  14 yaks
  2 wraiths (D:11)
  3 wyverns
  7 hippogriffs
  3 basilisks
  7 vampire mosquitoes
  2 hungry ghosts
  8 wargs
  A mottled dragon (D:12)
  14 water moccasins
  A soldier ant (D:12)
  34 orc warriors
  4 porcupines
  4 slaves (D:4)
  3 ice beasts
  2 black bears
  2 sky beasts
  2 eyes of draining
  3 necrophages
  13 ogres
  A phantom (D:5)
  3 wasps (Lair:3)
  9 wolves (Lair:6)
  3 boggarts (Lair:3)
  10 centaurs
  14 crocodiles
  Blork the orc (D:6)
  2 big kobolds (D:9)
  15 giant frogs
  A wyvern zombie (D:13)
  3 wyvern skeletons
  5 scorpions
  50 killer bees
  14 wights
  5 electric eels
  A howler monkey (D:5)
  6 centaur zombies
  A crimson imp (D:13)
  A quasit (D:11)
  3 giant frog skeletons
  17 jellies
  2 hounds
  16 orc priests
  27 orc wizards
  Crazy Yiuf (D:2)
  3 centaur skeletons
  10 iguanas
  Natasha (thrice) (D:4)
  4 hell rats (Lair:4)
  13 worker ants
  A sheep (Orc:1)
  4 hound zombies
  2 hound skeletons
  3 worker ant zombies
  Robin (D:4)
  7 gnolls
  2 howler monkey skeletons
  73 river rats
  21 adders
  4 shadow imps
  An ooze (D:1)
  An adder skeleton (D:9)
  A worm (D:2)
  3 dart slugs
  3 giant geckos
  86 orcs
  8 giant cockroaches
  18 goblins
  5 hobgoblins
  5 jackals
  12 kobolds
  2 quokkas
  A ball python (D:2)
  18 bats
  A giant gecko skeleton (D:5)
  8 giant newts
  A jackal zombie (D:5)
  A quokka skeleton (D:5)
  A quokka zombie (D:7)
  13 rats
  2 fungi
  4 plants
923 creatures vanquished.

Vanquished Creatures (collateral kills)
  A ghost moth (Spider:4)
  An entropy weaver (Spider:2)
  Nessos (Lair:5)
  A spark wasp (Spider:4)
  2 ettins
  Josephine (D:11)
  A yaktaur captain (D:14)
  4 tengu warriors
  5 skeletal warriors (D:13)
  A deep troll (D:15)
  2 hill giants
  2 wolf spiders
  2 deep elf magi (D:13)
  7 orb spiders
  A hornet (Spider:4)
  3 orc sorcerers
  2 elephants (Lair:6)
  5 spiny frogs (Lair:6)
  3 gargoyles (D:13)
  A centaur skeleton (D:12)
  8 jumping spiders
  2 blink frogs (Lair:6)
  A slime creature (D:7)
  A wyvern (Lair:6)
  4 wraiths
  9 redbacks
  2 spriggans (Lair:3)
  4 tarantellas
  7 yaks
  A hungry ghost (D:13)
  A hippogriff (Lair:3)
  2 vampire mosquitoes
  A water moccasin (D:5)
  2 orc warriors
  3 ogres
  A wolf (Lair:6)
  2 centaurs
  5 giant frogs
  A gnoll sergeant (D:4)
  A wyvern zombie (D:14)
  A jelly (Lair:6)
  A killer bee (D:9)
  3 wights (D:15)
  3 orc priests
  4 orc wizards
  2 worker ants (D:13)
  A sheep (Orc:1)
  4 gnolls
  A worm (D:2)
  2 orcs
126 creatures vanquished.

Vanquished Creatures (others)
  A rakshasa (D:15)
  An orc sorcerer (Orc:2)
  4 redbacks
  An iguana (D:10)
  9 fungi
  33 plants (Lair:6)
49 creatures vanquished.

Grand Total: 1098 creatures vanquished

Notes
Turn   | Place    | Note
-------+----------+-------------------------------------------
     0 | D:1      | JustSomeDude the Demonspawn Fighter began the quest for the Orb.
     0 | D:1      | Reached XP level 1. HP: 18/18 MP: 1/1
    44 | D:1      | Gained mutation: A weak demonic guardian rushes to your aid. [demonic ancestry]
    44 | D:1      | Reached XP level 2. HP: 14/24 MP: 2/2
   154 | D:1      | Reached skill level 3 in Shields
   576 | D:1      | Gained mutation: A demonic guardian rushes to your aid. [demonic ancestry]
   576 | D:1      | Reached XP level 3. HP: 26/29 MP: 3/3
  1249 | D:2      | Reached XP level 4. HP: 10/35 MP: 4/4
  1250 | D:2      | Reached skill level 1 in Dodging
  1597 | D:2      | Found a runed door.
  1686 | D:2      | Gained mutation: You have large cloven feet. [demonic ancestry]
  1686 | D:2      | Reached XP level 5. HP: 11/41 MP: 5/5
  2053 | D:2      | Noticed Crazy Yiuf
  2056 | D:2      | Killed Crazy Yiuf
  2207 | D:3      | Gained mutation: You sometimes gain a little power by taking damage. [demonic ancestry]
  2207 | D:3      | Reached XP level 6. HP: 19/48 MP: 6/6
  2233 | D:3      | Found an ancient bone altar of Kikubaaqudgha.
  2299 | D:3      | Found a white marble altar of Elyvilon.
  2299 | D:3      | Found a runed door.
  2299 | D:3      | Noticed an angel
  2438 | D:3      | Found a deep blue altar of Sif Muna.
  2640 | D:4      | Reached skill level 4 in Shields
  2773 | D:4      | Found a staircase to the Ecumenical Temple.
  2786 | Temple   | Entered the Ecumenical Temple
  3052 | Temple   | Became a worshipper of Warmaster Okawaru
  3110 | D:4      | Found a glowing golden altar of the Shining One.
  3140 | D:4      | Noticed Natasha
  3144 | D:4      | Killed Natasha
  3144 | D:4      | Reached XP level 7. HP: 54/54 MP: 7/7
  3369 | D:4      | Noticed Robin
  3384 | D:4      | Killed Robin
  3619 | D:4      | Noticed Natasha
  3624 | D:4      | Killed Natasha
  3750 | D:4      | Noticed Pikel
  3762 | D:4      | Killed Pikel
  3762 | D:4      | Reached * piety under Okawaru
  3762 | D:4      | Reached skill level 5 in Armour
  3762 | D:4      | Reached skill level 5 in Shields
  3762 | D:4      | Reached XP level 8. HP: 61/61 MP: 8/8
  3797 | D:4      | Found a bloodstained altar of Trog.
  3926 | D:4      | Noticed Natasha
  3932 | D:4      | Killed Natasha
  3932 | D:4      | Reached skill level 1 in Stealth
  4057 | D:5      | Entered Level 5 of the Dungeon
  4063 | D:5      | Found a shimmering altar of Xom.
  4298 | D:5      | Reached skill level 5 in Fighting
  4414 | D:5      | Reached skill level 1 in Invocations
  4446 | D:5      | Reached ** piety under Okawaru
  4883 | D:5      | Reached skill level 5 in Axes
  4883 | D:5      | Gained mutation: You sometimes gain power by taking damage. [demonic ancestry]
  4883 | D:5      | Reached XP level 9. HP: 60/68 MP: 10/10
  5021 | D:6      | Found Qygihic's Jewellery Shop.
  5061 | D:6      | Noticed Blork the orc
  5087 | D:6      | Killed Blork the orc
  5611 | D:6      | Noticed Grinder
  5614 | D:6      | Paralysed by Grinder for 5 turns
  5621 | D:6      | Paralysed by Grinder for 6 turns
  5632 | D:6      | Killed Grinder
  5733 | D:7      | Found Doitarau's Distillery.
  5744 | D:7      | Bought a potion of curing for 39 gold pieces
  5744 | D:7      | Bought a potion of heal wounds for 65 gold pieces
  5927 | D:7      | Reached skill level 5 in Dodging
  5927 | D:7      | Reached skill level 6 in Shields
  5940 | D:7      | Found an oddly glowing altar of Pakellas.
  5940 | D:7      | Found a glowing silver altar of Zin.
  5940 | D:7      | Found a hide-covered altar of Uskayaw.
  5942 | D:7      | Found a shattered altar of Ashenzari.
  6010 | D:7      | Reached *** piety under Okawaru
  6010 | D:7      | Reached skill level 5 in Invocations
  6835 | D:8      | Reached XP level 10. HP: 76/76 MP: 14/14
  7700 | D:9      | Reached **** piety under Okawaru
  7758 | D:9      | Found a snail-covered altar of Cheibriados.
  7832 | D:9      | Found a staircase to the Lair.
  8291 | D:9      | HP: 2/76 [wyvern (15)]
  8398 | D:9      | Found a burning altar of Makhleb.
  8476 | D:9      | Noticed Maurice
  8533 | D:9      | Killed Maurice
  8533 | D:9      | Reached skill level 7 in Shields
  8653 | D:10     | Entered Level 10 of the Dungeon
  8755 | D:10     | Noticed an ice statue
  8858 | D:10     | Reached ***** piety under Okawaru
  8902 | D:10     | Found a huge runed gate.
  8902 | D:10     | Found a huge runed gate.
  8902 | D:10     | Found a huge runed gate.
  8902 | D:10     | Found a huge runed gate.
  8903 | D:10     | Noticed a griffon
  9566 | D:10     | Received a gift from Okawaru
  9727 | D:10     | Noticed a tengu warrior
  9732 | D:10     | Killed a tengu warrior
  9898 | D:11     | Found a labyrinth entrance.
  9918 | D:11     | Found a shadowy altar of Dithmenos.
  9924 | Lab      | Entered a labyrinth
 10149 | Lab      | Noticed a minotaur
 10158 | Lab      | Killed a minotaur
 10158 | Lab      | Received a gift from Okawaru
 10158 | Lab      | Gained mutation: You are powered by pain. [demonic ancestry]
 10158 | Lab      | Reached XP level 11. HP: 70/83 MP: 13/16
 10181 | Lab      | Identified the Incunabulum of the Mountains
 10251 | D:11     | Noticed Josephine
 10272 | D:11     | Killed Josephine
 10441 | D:11     | Noticed a four-headed hydra
 10458 | D:11     | Killed a five-headed hydra
 10458 | D:11     | Reached skill level 8 in Shields
 10667 | D:11     | Found a staircase to the Orcish Mines.
 11083 | D:12     | Noticed an orange crystal statue
 11093 | D:12     | Killed an unseen horror
 11119 | D:12     | Noticed a hill giant
 11122 | D:12     | Killed a hill giant
 11395 | D:12     | Noticed WhatIsLove's ghost (novice DrTm)
 11404 | D:12     | Killed WhatIsLove's ghost
 11809 | D:13     | Noticed a wizard
 11816 | D:13     | Killed a wizard
 11852 | D:13     | Noticed a hill giant
 11855 | D:13     | Noticed a green ugly thing
 11855 | D:13     | Noticed a deep elf mage
 11858 | D:13     | Killed a hill giant
 11863 | D:13     | Killed a green ugly thing
 11863 | D:13     | Gained mutation: You are partially covered in thin metallic scales. (AC +2) [demonic ancestry]
 11863 | D:13     | Reached XP level 12. HP: 83/91 MP: 16/18
 11879 | D:13     | Noticed a tengu warrior
 11883 | D:13     | Found Kybos's General Store.
 11899 | D:13     | Reached skill level 1 in Throwing
 11902 | D:13     | Killed a tengu warrior
 11909 | D:13     | Noticed a tengu warrior
 11917 | D:13     | Killed a tengu warrior
 11917 | D:13     | Received a gift from Okawaru
 11936 | D:13     | Got a pair of ancient gloves {god gift}
 11942 | D:13     | Identified the +1 pair of gloves "Zainyups" {rC+} (Okawaru gifted it to you on level 13 of the Dungeon)
 12051 | D:13     | Noticed a tengu warrior
 12052 | D:13     | Noticed a tengu warrior
 12058 | D:13     | Killed a tengu warrior
 12070 | D:13     | Killed a tengu warrior
 12070 | D:13     | Reached skill level 9 in Shields
 12522 | D:13     | Reached skill level 10 in Dodging
 12896 | D:13     | Noticed a war gargoyle
 12910 | D:13     | Killed a war gargoyle
 13057 | D:14     | Found Iselyr's Antique Armour Boutique.
 13073 | D:14     | Bought a jasper-encrusted scale mail for 261 gold pieces
 13095 | D:14     | Identified the +1 scale mail of Qotur {rN+} (You bought it in a shop on level 14 of the Dungeon)
 13238 | D:14     | Noticed a yaktaur captain
 13399 | D:14     | Killed a yaktaur captain
 13399 | D:14     | Received a gift from Okawaru
 13399 | D:14     | Reached skill level 10 in Shields
 13399 | D:14     | Gained mutation: You have hoof-like feet. [demonic ancestry]
 13399 | D:14     | Reached XP level 13. HP: 71/99 MP: 11/19
 13521 | Lair:1   | Entered Level 1 of the Lair of Beasts
 14439 | Lair:2   | Found a white marble altar of Elyvilon.
 15131 | Lair:2   | Found a staircase to the Shoals.
 15150 | Shoals:1 | Entered Level 1 of the Shoals
 15919 | Lair:3   | Gained mutation: Your natural rate of healing is unusually fast. [potion of mutation]
 15919 | Lair:3   | Gained mutation: Your spells are a little harder to cast, but a little more powerful. [potion of mutation]
 15919 | Lair:3   | Gained mutation: You are clumsy. (Dex -2) [potion of mutation]
 15920 | Lair:3   | Gained mutation: You can translocate small distances at will. [potion of mutation]
 15920 | Lair:3   | Lost mutation: You can translocate small distances at will. [potion of mutation]
 15921 | Lair:3   | Gained mutation: You have a pair of small horns on your head. [potion of mutation]
 15921 | Lair:3   | Gained mutation: You passively map a small area around you. [potion of mutation]
 16314 | Lair:3   | Reached skill level 1 in Polearms
 16356 | Lair:3   | HP: 4/101 [spriggan rider/spear (14)]
 17170 | Lair:4   | Found a hole to the Spider Nest.
 17408 | Lair:4   | Noticed Snorg
 17417 | Lair:4   | Killed Snorg
 17501 | Lair:4   | Reached ****** piety under Okawaru
 17745 | Lair:5   | Noticed Nessos
 17761 | Lair:5   | Killed Nessos
 18184 | Lair:6   | Entered Level 6 of the Lair of Beasts
 18208 | Lair:6   | Received a gift from Okawaru
 18291 | Lair:6   | Got an encrusted hand axe {god gift}
 18292 | Lair:6   | Identified the +4 hand axe "Giylan" {pain, rF+ MR++ Int+3 Dex-2} (Okawaru gifted it to you on level 6 of the Lair of Beasts)
 18509 | Lair:6   | Gained mutation: You are mostly covered in thin metallic scales. (AC +3) [demonic ancestry]
 18509 | Lair:6   | Reached XP level 14. HP: 52/108 MP: 7/20
 18517 | Lair:6   | Received a gift from Okawaru
 18517 | Lair:6   | Reached skill level 10 in Axes
 18564 | Lair:6   | Reached skill level 11 in Shields
 19119 | Lair:6   | Found a staircase to the Slime Pits.
 19149 | Slime:1  | Entered Level 1 of the Pits of Slime
 19195 | Slime:1  | Noticed an acid blob
 19222 | Lair:6   | Reached skill level 1 in Evocations
 19474 | Lair:6   | Received a gift from Okawaru
 20481 | Orc:1    | Entered Level 1 of the Orcish Mines
 20498 | Orc:1    | Reached skill level 10 in Fighting
 20509 | Orc:2    | Entered Level 2 of the Orcish Mines
 20563 | Orc:1    | Noticed Ijustatesigmund's ghost (journeyman DsBe)
 21159 | Orc:1    | Killed Ijustatesigmund's ghost
 21465 | Orc:2    | Found a staircase to the Elven Halls.
 21510 | Orc:2    | Noticed Urug
 21511 | Orc:2    | Killed Urug
 21511 | Orc:2    | Received a gift from Okawaru
 21527 | Orc:2    | Found a roughly hewn altar of Beogh.
 21531 | Orc:2    | Noticed an orc warlord
 21590 | Orc:2    | Killed an orc warlord
 21632 | Orc:2    | Reached skill level 12 in Shields
 21818 | Orc:2    | Found Cimeopod's General Store.
 21827 | Orc:2    | Found Lyerok's Antique Armour Shop.
 21871 | Orc:2    | Found Mujow's Jewellery Shop.
 22042 | Orc:2    | Found Cimeet's Antique Armour Shoppe.
 22274 | Orc:2    | Found Batzukhl Sida's Antique Weapon Shop.
 22734 | Spider:1 | Entered Level 1 of the Spider Nest
 22901 | D:14     | Found a gate to the Vaults.
 23314 | D:15     | Entered Level 15 of the Dungeon
 23499 | D:15     | Gained mutation: You have hooves in place of feet. [demonic ancestry]
 23499 | D:15     | Reached XP level 15. HP: 109/116 MP: 18/21
 23542 | D:15     | Found a staircase to the Depths.
 23554 | D:15     | Received a gift from Okawaru
 23575 | D:15     | Got a faintly humming scale mail {god gift}
 23586 | D:15     | Identified the +5 scale mail "Deghior" {rCorr Str+7 Int-2} (Okawaru gifted it to you on level 15 of the Dungeon)
 23715 | D:15     | Found an oddly glowing altar of Pakellas.
 24019 | Orc:2    | Bought an uncursed ring of poison resistance for 240 gold pieces
 24297 | Spider:2 | Learned a level 1 spell: Summon Butterflies
 24331 | Spider:2 | Upgraded the game from 0.19-a0-1111-gcceb26a to 0.19-a0-1127-gac58878
 24335 | Spider:2 | Reached skill level 1 in Summonings
 24352 | Spider:2 | Reached skill level 1 in Spellcasting
 25687 | Spider:4 | Entered Level 4 of the Spider Nest
 25894 | Spider:4 | Killed a ghost moth
 26472 | Spider:3 | Received a gift from Okawaru
 26920 | Spider:1 | Reached skill level 13 in Shields
 26991 | Spider:1 | Received a gift from Okawaru
 27115 | Spider:2 | Reached XP level 16. HP: 125/125 MP: 21/23
 27156 | Spider:1 | HP: 8/187 [poisoned by a redback]
 27158 | Spider:1 | HP: 2/187 [redback (2)]
 27160 | Spider:1 | Succumbed to a redback's poison

Vault maps used:
D:1:      minmay_arrival_floating_metal, minivault_14
D:2:      corexii_leaking_fountain, uniq_crazy_yiuf_cottage
D:3:      kiku_gazebo_pond_becter, lemuel_blue_sif_altar,
          roderic_bali_sauvastika, minmay_misc_feat_roman, lemuel_angel_altar
D:4:      marbit_many_paths, lemuel_coloured_pillars_altar, first_bread,
          lightli_minifort, uniq_natasha, uniq_robin, uniq_pikel
D:5:      xom_teletrap_fun, minivault_11, serial_bayou_ford_a
D:6:      serial_shops, shop, minivault_24, uniq_blork_the_orc, uniq_grinder
D:7:      minitemple, serial_shops, shop, hangedman_minor_gate_pass
D:8:      hex_tiny
D:9:      kennysheep_little_box, nicolae_overflow_crystal_walls,
          grunt_lair_entry_orc_guard_hut, uniq_maurice
D:10:     lemuel_bear_cage, hex_medium, minmay_holes, grunt_tengu_nest,
          minivault_15, lemuel_flamethrower_2
D:11:     orc_0_dummy, lab_entry_generic, nicolae_dithmenos_the_darkroom,
          uniq_josephine
D:12:     minmay_statue_bubble
D:13:     gargoyle_guard, serial_shops, nicolae_shop_window_shopping,
          nooodl_orcs_dogs
D:14:     david_vaults_2, serial_shops, shop_statue, stair_cage_cross
D:15:     hangedman_depths_entry_civil_slaughter, lemuel_statue_altar,
          gammafunk_pakellas_cloud_experiment
Temple:   grunt_temple_mini_profane
Lair:2:   elwin_shoals_entry_rooms, basic_altar, grunt_megastairs_3
Lair:3:   kb_forest_paths, serial_bayou_shore_b
Lair:4:   dummy_spider_entry, uniq_snorg
Lair:5:   uniq_nessos
Lair:6:   minmay_lair_end_frog_pond, minmay_slime_entry_jelly_boxes,
          special_room
Shoals:1: uniq_kirke, uniq_aizul
Spider:3: uniq_nikola
Spider:4: grunt_spider_rune_parallel
Orc:1:    mines3_lemuel
Orc:2:    grunt_orc_cross, serial_shops, shop
Lab:      nicolae_lab_dead_adventurers, labyrinth_skeletal_remains,
          nicolae_lab_do_over, nicolae_lab_big_swirl

Skill      XL: |  1  2  3  4  5  6  7  8  9 10 11 12 13 14 15 16 |
---------------+-------------------------------------------------+-----
Axes           | 2 3 4 5 6 7 8 9 11 | 11.7
Shields        | 3 4 5 6 7 8 10 12 13 | 13.0
Armour         | 3 4 5 6 7 8 |  8.5
Dodging        | 1 2 3 5 7 9 10 11 12 | 12.7
Fighting       | 4 5 6 7 8 9 10 11 | 11.0
Stealth        | 1 2 3 4 |  4.6
Invocations    | 2 6 7 8 9 |  9.3
Throwing       | 1 |  1.6
Polearms       | 1 |  1.5
Evocations     | 2 |  2.8
Summonings     | 3 4 |  4.2
Spellcasting   | 3 4 |  4.1

Action                   |  1- 3 |  4- 6 |  7- 9 | 10-12 | 13-15 | 16-18 || total
-------------------------+-------+-------+-------+-------+-------+-------++-------
Melee: War axe           |   119 |    85 |       |       |       |       ||   204
       Hand axe          |       |    58 |   448 |   915 |  2315 |    24 ||  3760
       Kick              |       |    20 |   125 |   313 |   814 |     7 ||  1279
       Unarmed           |       |       |    13 |       |       |       ||    13
       Spear             |       |       |       |       |   228 |       ||   228
       Headbutt          |       |       |       |       |   465 |     9 ||   474
Throw: Javelin           |       |       |       |     9 |    30 |       ||    39
 Cast: Summon Butterflie |       |       |       |       |     9 |     4 ||    13
Invok: Heroism           |       |       |     2 |    20 |    61 |     2 ||    85
       Finesse           |       |       |       |     2 |     4 |       ||     6
Evoke: Wand              |       |       |       |     3 |    45 |       ||    48
       Phial of floods   |       |       |       |     1 |     3 |       ||     4
  Use: Potion            |     1 |     2 |       |     8 |    19 |     3 ||    33
       Scroll            |       |       |     2 |    22 |    13 |       ||    37
 Stab: Distracted        |       |       |     1 |     1 |     6 |     1 ||     9
       Confused          |       |       |     1 |       |     1 |       ||     2
       Sleeping          |       |       |       |     3 |     8 |       ||    11
  Eat: Chunk             |     1 |     8 |    11 |    16 |    12 |       ||    48
       Fruit             |       |       |     2 |       |       |       ||     2
       Beef jerky        |       |       |       |     1 |     7 |       ||     8
       Bread ration      |       |       |       |     1 |     3 |       ||     4
       Pizza             |       |       |       |     2 |     2 |       ||     4
       Meat ration       |       |       |       |       |     2 |       ||     2
Armor: Scale mail        |    61 |    54 |    44 |     2 |   226 |    15 ||   402
       Ring mail         |       |       |    85 |    23 |       |       ||   108
       Skin              |       |       |     1 |       |       |     6 ||     7
       Troll leather arm |       |       |       |   147 |   142 |       ||   289
       Plate armour      |       |       |       |       |   146 |       ||   146
Dodge: Dodged            |    27 |    43 |   174 |   375 |  1084 |    20 ||  1723
Block: Shield            |    67 |    64 |   199 |   460 |  1521 |    34 ||  2345
